 Dungeon Crawl Stone Soup version 0.27.0-66-gdc8fb28755 (webtiles) character file.

Game seed: 1693321820714580063

21 Malachi the Insei (level 2, 0/18 HPs)
             Began as an Octopode Transmuter on Aug 20, 2021.
             Slain by a hobgoblin (4 damage)
             ... on level 1 of the Dungeon.
             The game lasted 00:00:50 (399 turns).

Malachi the Insei (Octopode Transmuter)              Turns: 399, Time: 00:00:50

Health: 0/18       AC:  1    Str:  9    XL:     2   Next: 83%
Magic:  5/5        EV: 13    Int: 15    God:
Gold:   9          SH:  0    Dex: 12    Spells: 4/5 levels left

rFire    . . .     SeeInvis .     - Unarmed
rCold    . . .     Faith    .   (no shield)
rNeg     . . .     Spirit   .   (helmet restricted)
rPois    .         Reflect  .   (no amulet)
rElec    .         Harm     .   (no ring)
rCorr    .         Rampage  .   (no ring)
Will     .....                  (no ring)
Stlth    ++........             (no ring)
HPRegen  0.06/turn              (no ring)
MPRegen  0.09/turn              (no ring)
                                (no ring)
                                (no ring)

@: no status effects
A: almost no armour, amphibious, 8 rings, camouflage 1, gelatinous body 1,
(nimble swimmer 1), tentacles
a: no special abilities


You were on level 1 of the Dungeon.
You visited 1 branch of the dungeon, and saw 1 of its levels.

You collected 9 gold pieces.

Inventory:

Scrolls
 a - a scroll of noise {unknown}


   Skills:
 + Level 1.0 Fighting
 + Level 2.2 Dodging
 + Level 3.3 Unarmed Combat
 + Level 2.1 Spellcasting
 + Level 2.4 Transmutations


You had 4 spell levels left.
You knew the following spells:

 Your Spells              Type           Power      Damage    Failure   Level
a - Beastly Appendage     Tmut           18%        N/A       8%          1

Your spell library contained the following spells:

 Spells                   Type           Power      Damage    Failure   Level
 Wereblood                Tmut           9%         N/A       12%         2
 Spider Form              Tmut/Pois      2%         N/A       36%         3
 Ice Form                 Ice/Tmut       5%         N/A       78%         4


Dungeon Overview and Level Annotations

Branches:
Dungeon (1/15)

Altars:


Innate Abilities, Weirdness & Mutations

You cannot wear most types of armour.
You are amphibious.
You can wear up to eight rings at the same time.
Your skin changes colour to match your surroundings (Stealth+).
Your rubbery body absorbs attacks. (AC +1, EV +1)
((You are camouflaged near water. (Stealth+)))
You have tentacles for arms and can constrict up to eight enemies at once.


Message History

Your tentacle spike misses the ball python.
The ball python is severely wounded.
The ball python barely misses you. x2; The ball python constricts you.
The ball python barely misses you.
Unknown command.
You closely miss the ball python. You grab the ball python.
You pierce the ball python.
You kill the ball python!
Your transformation is almost over.
The ball python closely misses you. The ball python grabs you.
The ball python constricts you.
Unknown command.
You tentacle-slap the hobgoblin. Your grab misses the hobgoblin.
Your tentacle spike misses the hobgoblin.
Your squeeze misses the hobgoblin.
The hobgoblin is heavily wounded.
The hobgoblin hits you.
* * * LOW HITPOINT WARNING * * *
The ball python bites you.
* * * LOW HITPOINT WARNING * * *
The ball python constricts you.
* * * LOW HITPOINT WARNING * * *
You escape the ball python's grasp.
The goblin shouts!
The hobgoblin hits you.
* * * LOW HITPOINT WARNING * * *
The ball python misses you. The ball python barely misses you.
Your tentacle spike disappears.
The ball python closely misses you. The ball python barely misses you.
The ball python bites you but does no damage.
The ball python completely misses you. The ball python barely misses you.
The ball python closely misses you.
You closely miss the ball python. You grab the ball python.
You constrict the ball python. The ball python closely misses you. x2
You tentacle-slap the ball python.
You kill the ball python!
You tentacle-slap the hobgoblin. Your grab misses the hobgoblin.
The hobgoblin is almost dead.
The hobgoblin hits you.
You die...

..+...)..........
..#..............
..+..)...........
..##.....###....
.............#
.............#
.............#
##.........#########
........##..g..g@..+ ..
........##.#########....
............†...........
............####.####..
............##.....##
............#.#8≈8#.#
............# #≈≈≈#.#
.........##.# #8≈8#.#
............# #≈≈≈#.#


You could see a hobgoblin and a goblin.

Vanquished Creatures
  2 dart slugs (D:1)
  4 endoplasms (D:1)
  2 goblins (D:1)
  A hobgoblin (D:1)
  5 ball pythons (D:1)
  A bat (D:1)
  A rat (D:1)
16 creatures vanquished.

Notes
Turn   | Place    | Note
-------+----------+-------------------------------------------
     0 | D:1      | Malachi the Octopode Transmuter began the quest for the
                  | Orb.
     0 | D:1      | Reached XP level 1. HP: 13/13 MP: 3/3
   240 | D:1      | Reached XP level 2. HP: 18/18 MP: 3/5
   399 | D:1      | Slain by a hobgoblin

Illustrated notes

Levels and vault maps discovered:
D:1:      lightli_arrival_statue_moat, layout_basic,
          shapermc_ecumenical_altar_hornbeckon

Action                   || total
-------------------------++-------
Melee: Unarmed           ||    29
       Kick              ||     8
       Constrict         ||     6
       Tentacles         ||     3
       Punch             ||     1
 Cast: Beastly Appendage ||     6
Armor: Skin              ||     2
Dodge: Dodged            ||    29
